 Dungeon Crawl Stone Soup version 0.26-a0-812-g31a745ddcd (webtiles) character file.

Game seed: 13368865478312936514

511 kae the Chopper (level 6, 0/56 HPs)
             Began as a Minotaur Fighter on Dec 10, 2020.
             Was an Initiate of Qazlal.
             Slain by Pikel
             ... wielding a +1 whip of freezing
              (1 damage)
             ... while paralysed by Grinder
             ... on level 5 of the Dungeon.
             The game lasted 00:04:10 (3870 turns).

kae the Chopper (Minotaur Fighter)                  Turns: 3870, Time: 00:04:10

Health: 0/56       AC:  9    Str: 22    XL:     6   Next: 99%
Magic:  5/5        EV:  2    Int:  5    God:    Qazlal [......]
Gold:   10         SH:  0    Dex: 10    Spells: 5/5 levels left

rFire    + . .     SeeInvis .   a - +1 war axe
rCold    . . .     Faith    .   c - +0 kite shield
rNeg     . . .     Spirit   .   p - +0 chain mail {rC+}
rPois    .         Reflect  .   (helmet restricted)
rElec    .         Harm     .   (no cloak)
rCorr    +         Rampage  .   (no gloves)
MR       .....                  (no boots)
Stlth    ..........             (no amulet)
HPRegen  0.18/turn              o - ring of fire
MPRegen  0.09/turn              b - ring of resist corrosion

@: paralysed
A: retaliatory headbutt, horns 2
a: Renounce Religion


You were on level 5 of the Dungeon.
You worshipped Qazlal.
Qazlal was noncommittal.
You visited 1 branch of the dungeon, and saw 5 of its levels.

You collected 109 gold pieces.
You spent 99 gold pieces at shops.

Inventory:

Hand Weapons
 a - a +1 war axe (weapon)
Armour
 c - a +0 kite shield (worn)
 p - a +0 chain mail of cold resistance (worn)
Jewellery
 b - a ring of resist corrosion (right hand)
 o - a ring of fire (left hand)
Scrolls
 e - 2 scrolls of enchant armour
 h - a scroll of remove curse
 j - 4 scrolls of identify
 k - 2 scrolls of enchant weapon
 r - 2 scrolls of random uselessness {unknown}
Potions
 d - 3 potions of might
 f - 3 potions of resistance
 g - a potion of mutation
 l - a potion of cancellation
 m - 2 potions of lignification
 n - a potion of attraction
 t - a potion of curing


   Skills:
 + Level 5.3 Fighting
 * Level 6.0 Axes
 + Level 5.3 Armour
 + Level 3.3 Dodging
 - Level 3.6 Shields
 + Level 0.0 Invocations


You had 5 spell levels left.
You didn't know any spells.
Your spell library was empty.

Dungeon Overview and Level Annotations

Branches:
Dungeon (5/15)
 Temple: D:4-7

Altars:
Cheibriados
Hepliaklqana
Kikubaaqudgha
Okawaru
Qazlal

Shops:
D:4 !

Annotations:
D:3 1 exclusion
D:5 Grinder, Pikel


Innate Abilities, Weirdness & Mutations

You reflexively headbutt those who attack you in melee.
You have a pair of horns on your head.


Message History

You block Pikel's attack. The lemure hits you.
* * * LOW HITPOINT WARNING * * *
Grinder gestures at you.
You suddenly lose the ability to move!
Pikel hits you with a +1 whip of freezing.
* * * LOW HITPOINT WARNING * * *
Pikel freezes you.
* * * LOW HITPOINT WARNING * * *
The lemure hits you.
* * * LOW HITPOINT WARNING * * *
Pikel hits you with a +1 whip of freezing.
* * * LOW HITPOINT WARNING * * *
Pikel freezes you.
* * * LOW HITPOINT WARNING * * *
The lemure hits you but does no damage. Grinder hits you but does no damage.
Pikel hits you with a +1 whip of freezing.
* * * LOW HITPOINT WARNING * * *
Pikel freezes you.
You die...

..............#
..........>...#
=..........$..####
.................
...............#
................ #
#...........###....
#..@5....?.....
.#..##.55K5#########
.(.....5#..#
........##.#
.......###.....#
.........######..#
.....(.#.#### ..
..........<.
......5....#


You could see Pikel, Grinder and 4 lemures.

Vanquished Creatures
  Sigmund (D:3)
  A scorpion (D:4)
  Jessica (D:2)
  A worker ant (D:4)
  A howler monkey zombie (D:3)
  4 gnolls (D:3)
  10 adders
  3 oozes
  4 worms
  2 dart slugs
  2 leopard geckos (D:3)
  2 orcs (D:3)
  12 giant cockroaches
  7 goblins
  8 hobgoblins
  7 jackals
  6 kobolds
  4 quokkas
  A ball python (D:2)
  13 bats
  7 frilled lizards
  A quokka skeleton (D:4)
  6 rats
104 creatures vanquished.

Notes
Turn   | Place    | Note
-------+----------+-------------------------------------------
     0 | D:1      | kae the Minotaur Fighter began the quest for the Orb.
     0 | D:1      | Reached XP level 1. HP: 19/19 MP: 0/0
   135 | D:1      | Reached XP level 2. HP: 27/27 MP: 1/1
   182 | D:1      | Reached skill level 3 in Axes
   289 | D:1      | Reached skill level 1 in Dodging
   596 | D:1      | Reached XP level 3. HP: 29/33 MP: 2/2
  1051 | D:2      | Reached XP level 4. HP: 40/40 MP: 3/3
  1218 | D:2      | Reached skill level 4 in Axes
  1293 | D:2      | Found a stormy altar of Qazlal.
  1302 | D:2      | Noticed Jessica
  1312 | D:2      | Killed Jessica
  1472 | D:2      | Found a hazy altar of Hepliaklqana.
  1666 | D:2      | Found a snail-covered altar of Cheibriados.
  1893 | D:3      | Reached XP level 5. HP: 43/47 MP: 4/4
  2461 | D:3      | Noticed Sigmund
  2472 | D:3      | Killed Sigmund
  2472 | D:3      | Reached skill level 5 in Fighting
  2472 | D:3      | Reached skill level 5 in Axes
  2472 | D:3      | Reached skill level 5 in Armour
  2472 | D:3      | Reached XP level 6. HP: 48/56 MP: 5/5
  2477 | D:3      | Found an iron altar of Okawaru.
  3499 | D:4      | Found Uxkos's Distillery.
  3509 | D:4      | Bought a potion of flight for 33 gold pieces
  3509 | D:4      | Bought a potion of curing for 33 gold pieces
  3509 | D:4      | Bought a potion of lignification for 33 gold pieces
  3585 | D:2      | Became a worshipper of Qazlal Stormbringer
  3682 | D:4      | Reached skill level 6 in Axes
  3734 | D:4      | Found an ancient bone altar of Kikubaaqudgha.
  3832 | D:5      | Entered Level 5 of the Dungeon
  3832 | D:5      | Noticed Pikel
  3832 | D:5      | Noticed Grinder
  3834 | D:5      | Paralysed by Grinder for 7 turns
  3844 | D:5      | Paralysed by Grinder for 7 turns
  3868 | D:5      | Paralysed by Grinder for 3 turns
  3870 | D:5      | HP: 1/56 [Pikel/+1 whip of freezing (3)]
  3870 | D:5      | Slain by Pikel

Illustrated notes

Levels and vault maps discovered:
D:1:      psy_arrival_heroes, layout_basic, minmay_crystal_water
D:2:      kb_forest_paths, layout_basic, overflow_temple_1_default,
          nicolae_qazlal_general_emergency, lemuel_coloured_pillars_altar,
          nicolae_overflow_hidden_temple, uniq_jessica
D:3:      layout_loops_ring, kennysheep_okawaru_gauntlet, minmay_misc_feat_iff,
          uniq_sigmund
D:4:      layout_basic, old_standard_altar, serial_shops,
          nicolae_shop_competitors_out_of_business, chequers_garden
D:5:      layout_rooms, minmay_temple_entry_waves, uniq_pikel, uniq_ijyb,
          uniq_grinder

Skill      XL: |  1  2  3  4  5  6 |
---------------+-------------------+-----
Axes           | 3 4 5 6 |  6.0
Dodging        | 1 2 3 |  3.3
Armour         | 4 5 |  5.3
Fighting       | 4 5 |  5.3
Shields        | |  3.6

Action                   |  1- 3 |  4- 6 || total
-------------------------+-------+-------++-------
Melee: War axe           |    86 |   165 ||   251
       Headbutt          |    12 |    28 ||    40
  Use: Scroll            |       |    12 ||    12
       Potion            |       |     4 ||     4
Armor: Scale mail        |    49 |    68 ||   117
       Chain mail        |       |    34 ||    34
Dodge: Dodged            |    36 |    58 ||    94
Block: Kite shield       |    39 |   118 ||   157

Table legend: (Time is in decaauts)
 A = Elapsed time spent in this place.
 B = Non-inter-level travel time spent in this place.
 C = Inter-level travel time spent in this place.
 D = Time resting spent in this place.
 E = Time spent auto-exploring this place.
 F = Levels seen in this place.
 G = Mean time per level.
                   A        B        C        D        E       F      G
               +--------+--------+--------+--------+--------+-----+--------+
         Total |   3967 |   3587 |    380 |    103 |   2738 |   5 |  793.4 |
       Dungeon |   3967 |   3587 |    380 |    103 |   2738 |   5 |  793.4 |
               +--------+--------+--------+--------+--------+-----+--------+

Top non-repeatable levels by time:
     D:2: 1391 daAuts
     D:3: 1114 daAuts
     D:1: 813 daAuts
     D:4: 610 daAuts
     D:5: 39 daAuts
